 Dungeon Crawl Stone Soup version 0.31.0-11-ge490571c62 (webtiles) character file.

Game seed: 11690461651776279584

1295 sanka the Martial Artist (level 8, 0/53 (56) HPs)
             Began as a Merfolk Shapeshifter on Feb 3, 2024.
             Was a Follower of Okawaru.
             Slain by a wight
             ... wielding a +2 spear of freezing
              (3 damage)
             ... on level 6 of the Dungeon.
             The game lasted 00:07:07 (4743 turns).

sanka the Martial Artist (Merfolk Shapeshifter)     Turns: 4743, Time: 00:07:07

HP:   0/53 (56)     AC:  1    Str: 15    XL:     8   Next: 56%
MP:   11/11         EV: 19    Int:  9    God:    Okawaru [*.....]
Gold: 354           SH:  0    Dex: 15    Spells: 7/7 levels left

rFire   . .          .
                       - Unarmed
rCold   . . .        (shield currently unavailable)
rNeg    . . .        a - melded +0 animal skin
rPois   .            (no helmet)
rElec   .            q - +0 cloak
rCorr   .            (no gloves)
SInv    +            y - melded +0 pair of boots
Will    .....        (no amulet)
Stlth   +            (no ring)
HPRegen 0.28/turn    x - ring of see invisible
MPRegen 0.12/turn

%: no passive effects
@: flux-form, glowing, drained, very quick
A: glow, contaminating, nimble swimmer 2, mertail
a: Begin Untransformation, Renounce Religion, Heroism


You were on level 6 of the Dungeon.
You worshipped Okawaru.
Okawaru was aware of your devotion.
You were something dangerously unstable.
You visited 2 branches of the dungeon, and saw 7 of its levels.

You collected 354 gold pieces.


Innate Abilities, Weirdness & Mutations

You are something dangerously unstable.
You glow with magical radiation, making you easy to see and hit.
Foes you strike become dangerously contaminated with magical radiation.
You are incapable of wielding weapons or throwing items.
You are very nimble when in or above water. (Stealth+, EV+, Speed+++)
Your lower body shifts to a powerful aquatic tail in water.


   Skills:
 - Level 2.0 Fighting
 - Level 2.6 Dodging
 + Level 8.9 Unarmed Combat
 + Level 4.6 Invocations
 - Level 7.0 Shapeshifting


You had 7 spell levels left.
You didn't know any spells.
Your spell library contained the following spells:

 Spells                   Type           Power      Damage    Failure   Level
 Sandblast                Erth           0%         2d4       38%         1
 Static Discharge         Conj/Air       0%         3-3/arc   52%         2
 Passwall                 Erth           0%         N/A       77%         3
 Stone Arrow              Conj/Erth      0%         3d7       77%         3
 Airstrike                Air            0%         2d(0-16)  99%         4
 Anguish                  Hex/Necr       0%         N/A       99%         4
 Brom's Barrelling Bould  Conj/Erth      0%         2d3       99%         4
 Cause Fear               Hex            0%         N/A       99%         4
 Enfeeble                 Hex            0%         N/A       100%        7
 Summon Lightning Spire   Summ/Air       Unusable   N/A       N/A         4

Inventory:

Armour
 a - a +0 animal skin (melded)
 q - a +0 cloak (worn)
 y - a +0 pair of boots (melded)
Jewellery
 t - a ring of fire
 x - a ring of see invisible (right hand)
Talismans
 c - a beast talisman
 d - a flux talisman (active)
 w - a blade talisman
Wands
 o - a wand of roots (12)
 v - a wand of digging (5)
Scrolls
 b - a scroll of acquirement {unknown}
 e - a scroll of enchant weapon {unknown}
 g - 2 scrolls of vulnerability {unknown}
 h - 6 scrolls of identify {unknown}
 i - 3 scrolls of teleportation {unknown}
 n - a scroll of fog {unknown}
 p - a scroll of amnesia {unknown}
 r - a scroll of torment {unknown}
 A - a scroll of poison {unknown}
 B - a scroll of revelation {unknown}
Potions
 f - a potion of brilliance {unknown}
 j - 2 potions of might {unknown}
 k - a potion of curing {@q1}
 l - 2 potions of heal wounds {unknown}
 m - 3 potions of haste {unknown}
 s - 2 potions of mutation {unknown}
 u - a potion of cancellation {unknown}
 z - a potion of attraction {unknown}

Dungeon Overview and Level Annotations

Branches:
Dungeon (6/15)             Temple (1/1) D:4

Altars:
Ashenzari
Cheibriados
Dithmenos
Elyvilon
Gozag
Hepliaklqana
Kikubaaqudgha
Makhleb
Okawaru
Qazlal
Ru
Trog
Uskayaw
Vehumet
Xom
The Shining One

Shops:
D:6

* ....▒...................▒▒
▒....................>...▒
.<▒....................▒
..▒........▒▒▒........▒
.▒▒▒▒.......▒.......▒▒▒▒
.▒▒▒...................▒
.▒................▒....▒▒
....▒.....▒▒▒..z▒▒▒▒....▒
▒...▒▒....▒~~...p~▒...▒▒▒
▒..▒▒.....▒~..♣..~▒.....▒▒
.▒.....................▒.▒▒
▒▒..▒.......♣._.♣....÷....▒
▒▒.▒▒▒..............▒▒...▒▒▒
.▒[.▒▒▒▒.▒▒~(.♣..~▒........▒
...▒▒▒▒...▒~~...~~▒......▒▒▒
▒.........▒▒▒...▒▒▒.......▒
▒..▒▒..........▒...........▒


You could see a wight (contam).


Message History

Press: ? - help, v - describe, . - travel
Here: a wight, wielding a +2 spear of freezing and wearing a +0 robe The floor.
Unknown command.
The wight closely misses you. The wight attacks as it pursues you!
The wight misses you. The wight attacks as it pursues you!
The wight misses you. The wight attacks as it pursues you!
The wight closely misses you. The wight attacks as it pursues you!
The wight hits you from afar with a +2 spear of freezing.
* * * LOW HITPOINT WARNING * * *
The wight freezes you.
* * * LOW HITPOINT WARNING * * *
The wight hits you from afar with a +2 spear of freezing.
* * * LOW HITPOINT WARNING * * *
You feel drained. The wight freezes you.
* * * LOW HITPOINT WARNING * * *
The wight attacks as it pursues you! The wight misses you.
You feel like a meek peon again.
You hit the wight but do no damage.
The wight begins to glow.
The wight hits you with a +2 spear of freezing!
* * * LOW HITPOINT WARNING * * *
The wight freezes you.
You die...

Action                     |  1- 3 |  4- 6 |  7- 9 || total
---------------------------+-------+-------+-------++-------
  Melee: Unarmed           |    80 |   156 |   136 ||   372
         Punch             |     1 |       |     1 ||     2
         Tailslap          |       |     4 |       ||     4
 Invoke: Heroism           |       |       |     2 ||     2
  Evoke: Wand              |     2 |       |       ||     2
    Use: Potion            |     1 |     1 |     3 ||     5
 Armour: Animal skin       |    35 |       |       ||    35
         Skin              |     1 |    68 |    55 ||   124
  Dodge: Dodged            |    39 |    99 |    88 ||   226
   Form: Flux              |       |     1 |       ||     1

Levels and vault maps discovered:
D:1:      dpeg_arrival_oval, layout_basic
D:2:      layout_loops_ring, basic_altar, chequers_garden
D:3:      layout_basic, okawaru_altar_gauntlet_db, grunt_decor_one_mirror
D:4:      layout_basic, minmay_temple_entry_hall, serial_undead,
          serial_undead_b, serial_undead_d, serial_undead_d, serial_undead_b,
          serial_bayou_lake_a
D:5:      layout_cave_pools, mainiacjoe_overflow_alcove_2, serial_park_tiny_2
D:6:      layout_cave_pools, elyvilon_altar_4, mainiacjoe_overflow_chevrons,
          gammafunk_temple_overflow_forgotten,
          serial_library_hellmonk_recessed_alcove, minmay_misc_feat_encased,
          minmay_shop_damaged
Temple:   minmay_temple_forest_path

Notes
Turn   | Place    | Note
-------+----------+-------------------------------------------
     0 | D:1      | sanka the Merfolk Shapeshifter began the quest for the Orb.
     0 | D:1      | Reached XP level 1. HP: 15/15 MP: 1/1
   385 | D:1      | Reached XP level 2. HP: 21/21 MP: 2/2
   863 | D:2      | Reached skill level 5 in Shapeshifting
   880 | D:2      | Reached XP level 3. HP: 6/26 MP: 3/3
  1226 | D:2      | Found a glowing golden altar of the Shining One.
  1728 | D:3      | Noticed an ogre
  1738 | D:3      | Killed an ogre
  1739 | D:3      | Reached skill level 7 in Shapeshifting
  1739 | D:3      | Reached XP level 4. HP: 32/32 MP: 4/4
  1739 | D:3      | Reached XP level 5. HP: 37/37 MP: 5/5
  2005 | D:3      | Found an iron altar of Okawaru.
  2080 | D:3      | Became a worshipper of Warmaster Okawaru
  2143 | D:4      | Found a staircase to the Ecumenical Temple.
  2204 | D:4      | Reached skill level 2 in Fighting
  2307 | D:4      | Reached skill level 4 in Unarmed Combat
  2425 | D:4      | Reached XP level 6. HP: 44/44 MP: 6/6
  2453 | D:4      | Reached skill level 5 in Unarmed Combat
  2708 | D:4      | Reached skill level 6 in Unarmed Combat
  2930 | D:5      | Entered Level 5 of the Dungeon
  3018 | Temple   | Entered the Ecumenical Temple
  3046 | D:5      | Reached XP level 7. HP: 9/50 MP: 7/7
  3046 | D:5      | HP: 7/75 [poisoned by a scorpion]
  3049 | D:5      | HP: 3/75 [poisoned by a scorpion]
  3050 | D:5      | HP: 1/75 [poisoned by a scorpion]
  3337 | D:5      | Reached * piety under Okawaru
  3338 | D:5      | Reached skill level 7 in Unarmed Combat
  3567 | D:5      | Reached skill level 1 in Invocations
  3748 | D:5      | Reached skill level 2 in Invocations
  3774 | D:5      | Reached skill level 8 in Unarmed Combat
  3774 | D:5      | Reached XP level 8. HP: 37/56 MP: 8/10
  3976 | D:5      | Found a glowing golden altar of the Shining One.
  4139 | D:6      | Found Deicaj's Lightly-Used Armoury.
  4179 | D:6      | Reached skill level 3 in Invocations
  4214 | D:6      | Found a broken altar of Ashenzari.
  4331 | D:6      | Found a white marble altar of Elyvilon.
  4374 | D:6      | HP: 5/56 [burnt (4)]
  4375 | D:6      | HP: 2/56 [burnt (3)]
  4691 | D:6      | Reached skill level 4 in Invocations
  4743 | D:6      | HP: 3/53 [wight/+2 spear of freezing (7)]
  4743 | D:6      | Slain by a wight

Vanquished Creatures
  A black bear (D:5)
  2 ogres
  2 phantoms
  2 scorpions (D:5)
  A bullfrog (D:6)
  2 wights (D:6)
  2 bombardier beetles
  A jelly (D:5)
  A bullfrog skeleton (D:4)
  2 hounds (D:6)
  A centaur skeleton (D:4)
  2 iguanas (D:5)
  A sleepcap (D:6)
  2 scorpion zombies (D:4)
  3 orc wizards
  A hound zombie (D:4)
  A howler monkey skeleton (D:4)
  6 adders
  A shadow imp (D:5)
  2 white imps
  2 dart slugs
  10 orcs
  5 ball pythons
  5 bats
  2 endoplasms
  3 giant cockroaches
  7 goblins
  6 hobgoblins
  2 jackals (D:5)
  3 quokkas
  2 frilled lizards (D:1)
  A jackal skeleton (D:4)
  5 kobolds
  6 rats
95 creatures vanquished.
